 Dungeon Crawl Stone Soup version 0.17-a0-1508-ge7f3dc3 (webtiles) character file.

102115 nubinia the Nimble (level 15, -2/143 HPs)
             Began as a Troll Earth Elementalist on July 9, 2015.
             Was the Champion of Qazlal.
             Slain by a small abomination (10 damage)
             ... created by a deep elf priest
             ... on level 1 of the Elven Halls on July 10, 2015.
             The game lasted 04:03:34 (30790 turns).

nubinia the Nimble (Troll Earth Elementalist)      Turns: 30790, Time: 04:03:35

Health: -2/143     AC: 27    Str: 24    XL:     15   Next: 85%
Magic:  0/30       EV: 18    Int: 15    God:    Qazlal [******]
Gold:   2268       SH:  8    Dex: 15    Spells: 7 memorised, 5 levels left

rFire  . . .     SeeInvis .     b - +5 flail (protect)
rCold  + + .     Clarity  +     p - +2 robe {MR+}
rNeg   . . .     SustAt   .     (no shield)
rPois  .         Gourm    +     H - +2 hat {Spirit}
rElec  .         Spirit   +     u - +2 cloak {rC+}
rCorr  .         Warding  .     (gloves unavailable)
rMut   .         Stasis   .     (boots unavailable)
MR     +++..                    T - amulet "Keloix" {Clar Str+3 Dex+5}
Stlth  +.........               U - ring of wizardry
                                n - ring of magical power

@: stone skin, protected from physical damage, repel missiles, extremely
resistant to hostile enchantments, very unstealthy
A: unfitting armour, claws 3, iridescent scales 1, cold resistance 1, fast
metabolism 3, gourmand, magic resistance 1, regeneration 2, shaggy fur 1, tough
skin 2
a: Upheaval, Elemental Force, Disaster Area, Renounce Religion


You were on level 1 of the Elven Halls.
You worshipped Qazlal.
Qazlal was exalted by your worship.
You were very full.

You visited 4 branches of the dungeon, and saw 25 of its levels.
You also visited: Sewer, Bailey and Ice Cave.

You collected 2548 gold pieces.
You spent 280 gold pieces at shops.

Inventory:

Hand weapons
 b - a +5 flail of protection (weapon)
 x - the +2 glaive of Vokhli {drain, +Inv +Fly rF-}
   (You found it in an ice cave)

   A truly terrible weapon, it drains the life of those it strikes.
   It makes you vulnerable to fire.
   It lets you turn invisible.
   It lets you fly.
 y - the +5 spear of Yfiymn {pierce, *Noise rElec MP+9}
   (You found it on level 8 of the Lair of Beasts)

   It inflicts extra damage upon your enemies.
   It insulates you from electricity.
   It affects your magic capacity (+9).
   It may make noises in combat.
 B - a +0 blowgun
 W - the +11 battleaxe of Ravage {antimagic, *Noise rElec rC+}
   (You found it on level 3 of the Lair of Beasts)

   It disrupts the flow of magical energy around spellcasters and certain
   magical creatures (including the wielder).
   It protects you from cold.
   It insulates you from electricity.
   It may make noises in combat.
Missiles
 a - 810 stones
 w - 52 tomahawks of returning (quivered)
 C - 27 poisoned needles
 D - 2 needles of slowing
 V - 5 needles of confusion
Armour
 p - a +2 robe of magic resistance (worn)
 u - a +2 cloak of cold resistance (worn)
 G - a +0 robe of resistance
 H - a +2 hat of spirit shield (worn)
 N - the +3 hat of Pondering {ponderous, MR+ MP+10 Int+5}
   (You took it off Gastronok on level 9 of the Dungeon)

   It affects your intelligence (+5).
   It affects your resistance to hostile enchantments.
   It affects your magic capacity (+10).
Jewellery
 j - an uncursed ring of ice
 n - a ring of magical power (left claw)
 o - an uncursed ring of sustain attributes
 z - an uncursed ring of fire
 F - an uncursed ring of stealth
 I - an uncursed ring of flight
 P - an uncursed ring of poison resistance
 T - the amulet "Keloix" (around neck) {Clar Str+3 Dex+5}
   (You found it on level 3 of the Lair of Beasts)

   [amulet of clarity]

   It provides mental clarity.
   It affects your strength (+3).
   It affects your dexterity (+5).
 U - a ring of wizardry (right claw)
 Y - an uncursed ring of positive energy
 Z - an uncursed amulet of warding
Magical devices
 h - a wand of fireball (0)
 i - a wand of draining (9)
 Q - a wand of magic darts (21)
 R - a wand of disintegration (7)
Scrolls
 l - 3 scrolls of identify
 t - 5 scrolls of teleportation
 A - 3 scrolls of remove curse
 E - a scroll of fog
 O - a scroll of blinking
 S - 2 scrolls of recharging
Potions
 e - 2 potions of curing
 f - 2 potions of haste
 k - a potion of invisibility
 m - 2 potions of brilliance
 q - 3 potions of ambrosia
 r - 3 potions of might
 s - a potion of resistance
 M - 2 potions of flight
 X - a potion of agility
Miscellaneous
 J - a lamp of fire
Comestibles
 c - a chunk of flesh
 d - 12 bread rations
 g - 13 meat rations
 v - 9 beef jerkies
 L - 9 royal jellies


   Skills:
 + Level 7.9 Fighting
 + Level 9.2 Maces & Flails
 + Level 1.5 Throwing
 + Level 13.4 Dodging
 + Level 2.6 Stealth
 + Level 4.7 Unarmed Combat
 + Level 5.1 Spellcasting
 + Level 3.3 Conjurations
 + Level 0.1 Translocations
 + Level 5.1 Transmutations
 * Level 13.2 Earth Magic
 * Level 4.8 Invocations
 + Level 0.2 Evocations


You had 5 spell levels left.
You knew the following spells:

 Your Spells              Type           Power        Failure   Level  Hunger
a - Sandblast             Erth           #####.       1%          1    None
b - Stone Arrow           Conj/Erth      ####..       1%          3    ###....
c - Passwall              Trmt/Erth      ####......   1%          3    ###....
d - Apportation           Tloc           #.........   7%          1    None
e - Petrify               Trmt/Erth      ####....     1%          4    ####...
l - Lee's Rapid Deconstr  Erth           #####.....   1%          5    ######.
s - Stoneskin             Trmt/Erth      ####....     1%          2    ##.....


Dungeon Overview and Level Annotations

Branches:
Dungeon (12/15)            Temple (0/1) D:4            Lair (8/8) D:11
  Swamp (0/4) Lair:3       Spider (0/4) Lair:4        Slime (0/6) Lair:8
    Orc (4/4) D:12            Elf (1/3) Orc:4

Altars:
Ashenzari
Dithmenos
Gozag
Kikubaaqudgha
Nemelex Xobeh
Okawaru
Qazlal
Vehumet
Yredelemnul
Jiyva

Shops:
D:7 :   D:12 *   Orc:2 [   Orc:4 **([

Annotations:
D:5 Blork the orc
Lair:7 exclusion: 4 oklob plants


Innate Abilities, Weirdness & Mutations

You are too large for most types of armour.
You have claws for hands.
Your metabolism is lightning-fast.
You like to eat raw meat.
You heal very quickly.
You are covered in fur (AC +1).
You have very tough skin (AC +2).
You are partially covered in iridescent scales (AC +4).
Your flesh is cold resistant.
You are resistant to hostile enchantments.


Message History

You block the small abomination's attack.
Unknown command.
You sock the small abomination!
The small abomination is almost destroyed.
The small abomination misses you.
You closely miss the small abomination.
The small abomination is almost destroyed.
The small abomination hits you but does no damage.
The small abomination barely misses you.
You hit the small abomination.
The small abomination is almost destroyed.
The small abomination hits you.
* * * LOW HITPOINT WARNING * * *
The small abomination completely misses you.
You closely miss the small abomination.
The small abomination is almost destroyed.
The small abomination hits you!
* * * LOW HITPOINT WARNING * * *
The small abomination hits you!
You die...

# ##.###.## #..#...# ####..
##...## #.# ..#...## ##.
##.## #.# .......# # #.# #.#
#.#...# ######.###### #.#
#)#...# .##.........#
#.###)#).## ..#.........#
#..)..(...#
....##......#######.(...?###.
............)((x@xe))......'.
....###.....#########...####.
).#........ยง# ##.##
).#.........# #r#
.##########.# #.# ## #.# #r#
## #.# #e# ##.##. #.# #.#
##...#. # #.# #.# ##......


You could see a deep elf priest and 2 small abominations.

Vanquished Creatures
  Gastronok (D:9)
  A frost giant (IceCv)
  Maud (D:11)
  An orc warlord (Orc:3)
  A deep elf demonologist (Elf:1)
  Nessos (Orc:4)
  The ghost of amnekian the Fighter, a powerful HuAs of Gozag (D:12)
  The ghost of Oddysee the Nimble, a powerful MiFi of Ru (Lair:6)
  Harold (D:11)
  2 ogre magi (Orc:4)
  4 death yaks
  Erolcha (D:9)
  9 hydras
  An orc high priest (Elf:1)
  2 skeletal warriors (D:12)
  3 deep elf knights
  2 deep trolls (Orc:4)
  4 orc knights
  The ghost of mrath the Covert, an experienced HaAs of Nemelex Xobeh (D:7)
  5 deep elf conjurers (Elf:1)
  5 hill giants
  2 deep elf summoners (Elf:1)
  3 orc sorcerers
  A manticore (D:11)
  A griffon (Lair:8)
  2 cyclopes
  16 elephants
  7 black mambas
  5 spiny frogs
  A gargoyle (D:12)
  A centaur skeleton (D:11)
  4 komodo dragons
  4 deep elf priests
  2 spriggan druids (Lair:8)
  15 trolls
  A kobold demonologist (D:12)
  23 polar bears
  A queen bee (D:9)
  A small abomination (Elf:1)
  20 blink frogs
  Grinder (D:5)
  9 slime creatures
  A boulder beetle (Lair:8)
  7 two-headed ogres
  7 deep elf magi
  A wraith (D:10)
  48 yaks
  8 redbacks
  A wyvern (Lair:5)
  7 hippogriffs
  A basilisk (Lair:6)
  2 hungry ghosts (D:10)
  46 wolves
  11 spriggans (Lair:8)
  2 wargs (Orc:4)
  9 deep elf fighters
  3 mottled dragons
  Edmund (D:4)
  19 water moccasins
  28 orc warriors
  14 porcupines
  Duvessa (D:5)
  4 ice beasts
  6 black bears
  A spider (Lair:4)
  2 sky beasts (D:10)
  A phantom (D:11)
  4 wasps
  A necrophage (D:10)
  An eye of draining (D:10)
  5 centaurs
  27 ogres
  11 crocodiles
  3 big kobolds (D:3)
  26 giant frogs
  A wyvern zombie (D:10)
  A brain worm (Lair:7)
  Dowan (D:5)
  2 scorpions
  23 killer bees
  A jelly (D:8)
  5 wights (D:11)
  A giant frog zombie (D:6)
  5 crimson imps
  31 orc priests
  3 hounds
  A centaur zombie (D:12)
  3 giant frog skeletons
  8 iguanas
  29 orc wizards
  2 hell rats (D:8)
  A killer bee zombie (D:9)
  11 worker ants
  13 sheep
  2 hound skeletons
  A worker ant zombie (D:5)
  12 gnolls
  57 river rats
  13 adders
  4 shadow imps
  5 oozes
  An adder zombie (D:8)
  An adder skeleton (D:9)
  7 worms
  6 giant geckos
  217 orcs
  A bat skeleton (D:6)
  A bat zombie (D:6)
  7 giant cockroaches
  53 hobgoblins
  14 jackals
  42 kobolds
  4 quokkas
  13 bats
  A giant gecko skeleton (D:9)
  4 giant newts
  51 goblins
  A quokka skeleton (D:4)
  17 rats
  3 bushes
  72 fungi
  37 plants
1266 creatures vanquished.

Vanquished Creatures (collateral kills)
  A hippogriff (Lair:8)
1 creature vanquished.

Vanquished Creatures (others)
  A deep elf summoner (Orc:3)
  A deep elf mage (Elf:1)
  An orc (Elf:1)
  A hobgoblin (Orc:2)
  A bush (Lair:8)
  23 fungi
  10 plants
38 creatures vanquished.

Grand Total: 1305 creatures vanquished

Notes
Turn   | Place    | Note
--------------------------------------------------------------
     0 | D:1      | nubinia the Troll Earth Elementalist began the quest for the Orb.
     0 | D:1      | Reached XP level 1. HP: 16/16 MP: 1/1
   109 | D:1      | Reached skill level 3 in Earth Magic
   136 | D:1      | Reached XP level 2. HP: 24/24 MP: 3/3
   621 | D:1      | Reached XP level 3. HP: 25/31 MP: 4/4
  1236 | D:2      | Learned a level 2 spell: Stoneskin
  1373 | D:2      | Reached XP level 4. HP: 40/40 MP: 5/5
  1486 | D:2      | Reached skill level 1 in Fighting
  1969 | D:3      | Reached skill level 1 in Unarmed Combat
  2036 | D:3      | Found a stormy altar of Qazlal.
  2054 | D:3      | Became a worshipper of Qazlal Stormbringer
  2179 | D:3      | Reached XP level 5. HP: 39/48 MP: 6/6
  2598 | D:3      | Acquired Qazlal's first power
  2663 | D:3      | Noticed a big kobold
  2664 | D:3      | Noticed a big kobold
  2692 | D:3      | Killed a big kobold
  2692 | D:3      | Reached skill level 1 in Transmutations
  2692 | D:3      | Reached XP level 6. HP: 50/57 MP: 7/7
  2694 | D:3      | Killed a big kobold
  2703 | D:3      | Noticed a big kobold
  2726 | D:3      | Killed a big kobold
  2726 | D:3      | Reached skill level 4 in Earth Magic
  2792 | D:3      | Acquired Qazlal's second power
  2879 | D:3      | Reached XP level 7. HP: 59/63 MP: 8/8
  3257 | D:3      | Found a shadowy altar of Dithmenos.
  3269 | D:3      | Acquired Qazlal's third power
  3537 | D:4      | Noticed Edmund
  3567 | D:4      | Killed Edmund
  3642 | D:4      | Found a staircase to the Ecumenical Temple.
  3946 | D:5      | Entered Level 5 of the Dungeon
  4010 | D:5      | Reached XP level 8. HP: 58/72 MP: 10/10
  4149 | D:5      | Noticed Grinder
  4196 | D:5      | Killed Grinder
  4206 | D:5      | Noticed Duvessa
  4206 | D:5      | Noticed Dowan
  4220 | D:5      | Killed Duvessa
  4220 | D:5      | Reached skill level 1 in Maces & Flails
  4221 | D:5      | Killed Dowan
  4514 | D:5      | Noticed Blork the orc
  4686 | D:6      | Reached skill level 5 in Dodging
  4690 | D:6      | Acquired Qazlal's fourth power
  4732 | D:6      | Reached skill level 5 in Earth Magic
  4786 | D:6      | Found a glowing drain.
  4813 | Sewer    | Entered a sewer
  4958 | D:6      | Reached XP level 9. HP: 76/81 MP: 11/11
  4990 | D:6      | Found an ancient bone altar of Kikubaaqudgha.
  5599 | D:6      | Found a radiant altar of Vehumet.
  5599 | D:6      | Found a basalt altar of Yredelemnul.
  5980 | D:7      | Learned a level 3 spell: Passwall
  6031 | D:7      | Found Hymiogan's Book Boutique.
  6116 | D:7      | Noticed mrath's ghost (experienced HaAs)
  6131 | D:7      | Killed mrath's ghost
  6276 | D:7      | Identified a scroll of acquirement
  6642 | D:8      | Reached skill level 6 in Dodging
  6651 | D:8      | Found an iron altar of Okawaru.
  6766 | D:8      | Found an opulent altar of Gozag.
  7189 | D:8      | Acquired Qazlal's fifth power
  7189 | D:8      | Reached XP level 10. HP: 72/92 MP: 13/13
  7434 | D:8      | Found a staircase to the Lair.
  7463 | D:8      | Learned a level 3 spell: Stone Arrow
  7778 | D:9      | Reached skill level 1 in Conjurations
  7813 | D:9      | Reached skill level 7 in Earth Magic
  7836 | D:9      | Found a flagged portal.
  7850 | Bailey   | Entered a bailey
  7929 | Bailey   | Noticed an orc knight
  7987 | Bailey   | Killed an orc knight
  8412 | D:9      | Learned a level 4 spell: Petrify
  8434 | D:9      | Found an iron altar of Okawaru.
  8568 | D:9      | Noticed Gastronok
  8604 | D:9      | Killed Gastronok
  8604 | D:9      | Reached skill level 1 in Throwing
  8604 | D:9      | Reached XP level 11. HP: 80/100 MP: 9/15
  8675 | D:9      | Found a shattered altar of Ashenzari.
  8701 | D:9      | Noticed Erolcha
  8733 | D:9      | Killed Erolcha
  8733 | D:9      | Reached skill level 8 in Earth Magic
  9074 | D:10     | Entered Level 10 of the Dungeon
  9185 | D:10     | Found a sparkling altar of Nemelex Xobeh.
  9532 | D:10     | HP: 1/101 [troll (11)]
  9600 | D:10     | Noticed a hill giant
  9658 | D:10     | Killed a hill giant
  9968 | D:10     | Learned a level 5 spell: Lee's Rapid Deconstruction
 10563 | D:11     | Noticed Maud
 10621 | D:11     | Killed Maud
 10621 | D:11     | Reached skill level 5 in Fighting
 10855 | D:11     | Found a staircase to the Lair.
 11061 | D:11     | Noticed a hill giant
 11094 | D:11     | Killed a hill giant
 11278 | D:11     | Reached skill level 9 in Dodging
 11737 | D:11     | Reached skill level 5 in Maces & Flails
 11781 | Lair:1   | Entered Level 1 of the Lair of Beasts
 11789 | Lair:1   | Reached XP level 12. HP: 92/111 MP: 17/17
 12260 | Lair:1   | Noticed a seven-headed hydra
 12268 | Lair:1   | Killed a seven-headed hydra
 14141 | Lair:3   | Got a slimy garnet amulet
 14142 | Lair:3   | Identified the amulet "Keloix" {Clar Str+3 Dex+5} (You found it on level 3 of the Lair of Beasts)
 14516 | Lair:3   | Found a staircase to the Swamp.
 14603 | Lair:3   | Got a slimy battleaxe
 14604 | Lair:3   | Identified the +11 battleaxe of Ravage {antimagic, *Noise rElec rC+} (You found it on level 3 of the Lair of Beasts)
 14760 | Lair:4   | Found a frozen archway.
 14775 | IceCv    | Entered an ice cave
 14828 | IceCv    | Reached skill level 10 in Dodging
 15085 | IceCv    | Noticed a frost giant
 15102 | IceCv    | Killed a frost giant
 15534 | IceCv    | Reached skill level 10 in Earth Magic
 15778 | IceCv    | Reached XP level 13. HP: 54/120 MP: 12/18
 16058 | IceCv    | Got a slimy glaive
 16059 | IceCv    | Identified the cursed +2 glaive of Vokhli {drain, +Inv +Fly rF-} (You found it in an ice cave)
 16272 | Lair:4   | Noticed a four-headed hydra
 16279 | Lair:4   | Killed a four-headed hydra
 16380 | Lair:4   | Gained mutation: Your flesh is cold resistant. [potion of beneficial mutation]
 16381 | Lair:4   | Gained mutation: You are partially covered in iridescent scales (AC +4). [potion of beneficial mutation]
 16382 | Lair:4   | Gained mutation: You are resistant to hostile enchantments. [potion of beneficial mutation]
 17434 | Lair:4   | Found a hole to the Spider Nest.
 17664 | Lair:4   | Reached skill level 11 in Dodging
 18826 | Lair:6   | Noticed Oddysee's ghost (powerful MiFi)
 19168 | Lair:6   | Killed Oddysee's ghost
 20325 | Lair:7   | Reached XP level 14. HP: 106/131 MP: 6/19
 20850 | D:12     | Noticed Harold
 21283 | D:12     | Noticed amnekian's ghost (powerful HuAs)
 21289 | D:11     | Reached skill level 12 in Earth Magic
 21305 | D:11     | Killed Harold
 21665 | D:12     | Killed amnekian's ghost
 21666 | D:12     | HP: 4/133 [skeletal warrior/long sword of electrocution (14)]
 21672 | D:11     | HP: 6/133 [poisoned by amnekian's ghost]
 21703 | D:11     | HP: 5/133 [skeletal warrior/flail (20)]
 22219 | D:12     | Found Naelel's General Store.
 22222 | D:12     | Bought an uncursed ring of positive energy for 280 gold pieces
 22237 | D:12     | Found a staircase to the Orcish Mines.
 22698 | Orc:1    | Entered Level 1 of the Orcish Mines
 22919 | Orc:2    | Found Howu's Antique Armour Emporium.
 24152 | Orc:4    | Entered Level 4 of the Orcish Mines
 24244 | Orc:4    | Noticed Nessos
 24400 | Orc:4    | Killed Nessos
 24866 | Orc:4    | Reached skill level 1 in Invocations
 24888 | Orc:4    | Noticed an orc warlord
 24918 | Orc:3    | Killed an orc warlord
 25128 | Orc:3    | Paralysed by an orc sorcerer for 5 turns
 25381 | Orc:4    | Reached skill level 5 in Transmutations
 25811 | Orc:4    | Found a staircase to the Elven Halls.
 26029 | Orc:2    | Reached XP level 15. HP: 140/140 MP: 21/21
 26268 | Orc:4    | Found Qaroro's Antique Weapon Shoppe.
 26269 | Orc:4    | Found Rugrik's General Store.
 26274 | Orc:4    | Found Esievom's Armour Shop.
 26281 | Orc:4    | Found Viumnub's General Store.
 26396 | Orc:4    | Upgraded the game from 0.17-a0-1504-gb7d9117 to 0.17-a0-1508-ge7f3dc3
 27572 | Lair:8   | Entered Level 8 of the Lair of Beasts
 27972 | Lair:8   | Reached skill level 13 in Dodging
 28136 | Lair:8   | Identified the Incunabulum of Orientation (You found it on level 8 of the Lair of Beasts)
 28139 | Lair:8   | Learned a level 1 spell: Apportation
 28347 | Lair:8   | Got a dazzling spear
 28348 | Lair:8   | Identified the +5 spear of Yfiymn {pierce, *Noise rElec MP+9} (You found it on level 8 of the Lair of Beasts)
 28544 | Lair:8   | Found a staircase to the Slime Pits.
 28572 | Lair:8   | Found a viscous altar of Jiyva.
 29700 | Elf:1    | Entered Level 1 of the Elven Halls
 29894 | Orc:4    | Reached skill level 5 in Spellcasting
 30695 | Elf:1    | Found an ancient bone altar of Kikubaaqudgha.
 30785 | Elf:1    | HP: 1/143 [small abomination[a deep elf priest] (9)]
 30790 | Elf:1    | Slain by a small abomination

Vault maps used:
D:1:      onia_arrival_pyramid, minmay_misc_feat_nine_boxes
D:3:      minmay_goblin_kobold_castle, lemuel_round_altar, first_bread,
          nicolae_dithmenos_shadow_blocks
D:4:      minmay_temple_entry_poolview, uniq_edmund
D:5:      minivault_27, serial_park_tiny_2, uniq_blork_the_orc, uniq_grinder,
          uniq_duvessa
D:6:      gammafunk_temple_overflow_elements, kiku_gazebo_pond_becter,
          gup_sewer_entry_glass
D:7:      serial_shops, shop
D:8:      nicolae_gozag_seed_capital, dpeg_lair_monsters, basic_altar
D:9:      ashenzari_altar_1, okawaru_gym_becter, enter_bailey_2, david_nohive_1,
          uniq_erolcha, uniq_gastronok
D:10:     basic_altar, spider_trap
D:11:     lair_0_dummy, hangedman_decor_lopped, uniq_maud
D:12:     orc_0_dummy, serial_shops, kennysheep_mini_moat, uniq_harold
Lair:2:   lemuel_fruit_tree
Lair:3:   swamp_mist_pool
Lair:4:   spider_nest_entry_funnel_web, portal_ice_cave_entry_pillars_01
Lair:5:   grunt_forest_small_clearings
Lair:6:   serial_bayou_shore_b, grunt_megastairs_3
Lair:7:   dpeg_oklob_gauntlet, serial_bayou_shore_b
Lair:8:   minmay_lair_end_enchanted_forest, slime_altar_1
Orc:2:    serial_shops, shop
Orc:3:    nicolae_orc_pool_cavern
Orc:4:    st_orc_open, uniq_nessos
Elf:1:    basic_altar, minivault_28
Sewer:    sewer_the_crocodile
Bailey:   bailey_axe_1, bailey
IceCv:    ice_cave_small_giant

Action                   |  1- 3 |  4- 6 |  7- 9 | 10-12 | 13-15 || total
-------------------------+-------+-------+-------+-------+-------++-------
Melee: Unarmed           |   163 |   272 |   313 |       |       ||   748
       Whip              |       |     6 |       |       |       ||     6
       Flail             |       |       |   220 |   968 |  1964 ||  3152
       Giant club        |       |       |       |     5 |       ||     5
       Battleaxe         |       |       |       |     3 |     3 ||     6
 Fire: Blowgun           |       |       |     1 |     9 |     6 ||    16
Throw: Tomahawk          |       |       |       |     8 |       ||     8
 Cast: Sandblast         |       |     9 |    59 |    77 |    42 ||   187
       Stoneskin         |       |     2 |    21 |    49 |    86 ||   158
       Stone Arrow       |       |       |       |    41 |    75 ||   116
       Lee's Rapid Decon |       |       |       |     4 |    52 ||    56
       Petrify           |       |       |       |       |     3 ||     3
       Apportation       |       |       |       |       |     7 ||     7
       Passwall          |       |       |       |       |     1 ||     1
Invok: Upheaval          |       |       |       |     1 |     3 ||     4
       Elemental Force   |       |       |       |       |     1 ||     1
 Abil: Evoke Flight      |       |       |       |       |     1 ||     1
Evoke: Wand              |       |       |       |     4 |     6 ||    10
  Use: Scroll            |     1 |     7 |    14 |     8 |    19 ||    49
       Potion            |       |       |     4 |     7 |    11 ||    22
 Stab: Sleeping          |     1 |     2 |       |       |       ||     3
  Eat: Chunk             |    18 |    13 |    40 |    99 |   161 ||   331
       Pizza             |       |       |       |     1 |     1 ||     2
       Fruit             |       |       |       |       |     7 ||     7
